 Dungeon Crawl Stone Soup version 0.20.1-1-g8b1a95d (webtiles) character file.

75676 Monsterracer the Brawler (level 15, -8/133 HPs)
             Began as a Grey Draconian Transmuter on Aug 9, 2017.
             Was the Champion of Okawaru.
             Mangled by a yaktaur captain (29 damage)
             ... on level 13 of the Dungeon on Aug 10, 2017.
             The game lasted 01:17:45 (27755 turns).

Monsterracer the Brawler (DrTm)                    Turns: 27755, Time: 01:17:45

Health: -8/133     AC: 20    Str: 16    XL:     15   Next: 10%
Magic:  18/22      EV: 17    Int: 19    God:    Okawaru [******]
Gold:   891        SH:  0    Dex: 11    Spells: 0/24 levels left

rFire    . . .     SeeInvis .     - Unarmed
rCold    + . .     Gourm    .   (shield currently unavailable)
rNeg     . . .     Faith    .   (armour unavailable)
rPois    +         Spirit   .   D - +1 hat "Hoepn" {rPois Str+2}
rElec    .         Reflect  .   L - +2 cloak {rC+}
rCorr    +         Harm     .   (gloves currently unavailable)
MR       +....                  k - +1 pair of boots
Stlth    +.........             g - amulet of regeneration
Regen    0.8/turn               w - ring of poison resistance
MPRegen  0.2/turn               K - ring of resist corrosion

@: blade hands
A: walk through water, unfitting armour, unbreathing, cold-blooded, MP-powered
wands, AC +14
a: End Transformation, Heroism, Finesse, Renounce Religion


You were on level 13 of the Dungeon.
You worshipped Okawaru.
Okawaru was exalted by your worship.
You were not hungry.
You had blades for hands.
You visited 4 branches of the dungeon, and saw 22 of its levels.
You also visited: Labyrinth and Ice Cave.

You collected 2217 gold pieces.
You spent 1326 gold pieces at shops.

Inventory:

Missiles
 a - 441 arrows
Armour
 k - a +1 pair of boots (worn)
 D - the +1 hat "Hoepn" (worn) {rPois Str+2}
   (Okawaru gifted it to you on level 11 of the Dungeon)

   It affects your strength (+2).
   It protects you from poison.
 J - the +2 pair of gloves of Catatonia (melded) {rF+ MR+ rCorr Dex+2}
   (Okawaru gifted it to you in an ice cave)

   It affects your dexterity (+2).
   It protects you from fire.
   It affects your resistance to hostile enchantments.
   It protects you from acid and corrosion.
 L - a +2 cloak of cold resistance (worn)
Jewellery
 b - an uncursed amulet of guardian spirit {unknown}
 e - an uncursed ring of protection from cold
 g - an amulet of regeneration (around neck)
 t - the ring of Wyrchopla {*Tele +Fly SInv}
   (You found it in a labyrinth)

   [ring of teleportation]

   It may teleport you next to monsters.
   It lets you see invisible.
   It lets you fly.
 w - a ring of poison resistance (left scythe-like blade)
 K - a ring of resist corrosion (right scythe-like blade)
Wands
 m - a wand of clouds (7/9)
 E - a wand of clouds (5/9)
Scrolls
 f - 2 scrolls of fog
 j - 13 scrolls of teleportation
 x - 4 scrolls of fear
 A - 3 scrolls of blinking
 B - 3 scrolls of remove curse
 G - a scroll of magic mapping
Potions
 h - 5 potions of curing
 i - 2 potions of haste
 l - a potion of resistance
 n - 3 potions of flight
 o - 6 potions of lignification
 r - 2 potions of ambrosia
 s - 3 potions of might
 u - 3 potions of invisibility
 v - 5 potions of mutation
 z - a potion of cancellation
 C - 2 potions of brilliance
 F - 3 potions of berserk rage
 H - 5 potions of heal wounds
 I - a potion of agility
Books
 y - the Reference Book on Unstable Darkness
   (You bought it in a shop on level 2 of the Orcish Mines)

   Spells                             Type                      Level
   a - Vampiric Draining              Necromancy                   3
   b - Excruciating Wounds            Charms/Necromancy            5
   c - Yara's Violent Unravelling     Hexes/Transmutation          5
   d - Dragon Form                    Transmutation                7
 O - Sif Muna's Compendium of the Compass and the Escort
   (You found it in a labyrinth)

   Spells                             Type                      Level
   a - Summon Butterflies             Summoning                    1
   b - Apportation                    Translocation                1
   c - Lesser Beckoning               Translocation                3
   d - Shadow Creatures               Summoning                    6
   e - Dragon's Call                  Summoning                    9
Comestibles
 c - 13 bread rations
 d - 2 fruits
 p - 15 royal jellies
 q - 12 meat rations


   Skills:
 + Level 12.2 Fighting
 + Level 10.0 Dodging
 * Level 15.8 Unarmed Combat
 - Level 5.0 Spellcasting
 - Level 3.0 Hexes
 - Level 3.0 Summonings
 + Level 11.2 Transmutations
 - Level 2.4 Ice Magic
 - Level 3.2 Earth Magic
 - Level 8.3 Invocations


You couldn't memorise any spells.
You knew the following spells:

 Your Spells              Type           Power        Failure   Level  Hunger
a - Confusing Touch       Hex            ###...       28%         1    None
b - Sticks to Snakes      Tmut           #####...     9%          2    #......
c - Ice Form              Ice/Tmut       ####....     41%         4    ####...
d - Blade Hands           Tmut           #####.....   26%         5    ######.
e - Summon Butterflies    Summ           ###.....     28%         1    None
f - Petrify               Tmut/Erth      ####....     36%         4    ####...
g - Dragon Form           Tmut           #####.....   95%         7    #######


Dungeon Overview and Level Annotations

Branches:
Dungeon (13/15)            Temple (1/1) D:6            Lair (6/6) D:11
 Shoals (0/4) Lair:3       Spider (0/4) Lair:4        Slime (0/5) Lair:5
    Orc (2/2) D:10            Elf (0/3) Orc:2        Vaults (0/5) D:13

Altars:
Ashenzari
Cheibriados
Dithmenos
Elyvilon
Fedhas
Gozag
Hepliaklqana
Kikubaaqudgha
Makhleb
Nemelex Xobeh
Okawaru
Qazlal
Ru
Sif Muna
Trog
Uskayaw
Vehumet
Xom
Yredelemnul
Zin
The Shining One
Beogh
Jiyva

Shops:
D:9 *   Orc:2 !%[:?

Portals:
Pandemonium: Orc:2


Innate Abilities, Weirdness & Mutations

You can walk through water.
Your dull iron-grey scales are very hard. (AC +14)
You cannot fit into any form of body armour.
You can survive without breathing.
You are cold-blooded and may be slowed by cold attacks.
You expend magic power (3 MP) to strengthen your wands.


Message History

You slash the yaktaur!
The yaktaur is severely wounded.
The yaktaur captain hits you!
* * * LOW HITPOINT WARNING * * *
The yaktaur barely misses you.
Huge Dmg: -9%(-12hp) hp: 16%(20hp)
You slash the yaktaur!
The yaktaur is almost dead.
You slash the yaktaur!
You kill the yaktaur!
Okawaru accepts your kill. The yaktaur captain barely misses you.
Press: ? - help, v - describe, . - travel
Here: a yaktaur captain The floor.
You shred the yaktaur captain!!!
The yaktaur captain is severely wounded.
You hear two shouts!
The yaktaur captain hits you!!
You die...

,,,,,,,,,,,,,* #.# ,*****,,,,,,,*
#.# ,* *,,,,,,,* #.# ,* *,,,,,,,*
#.# ,* *,,,,,,,* ######(# ,*
*,,,,,,,* ##....((# ,*
*,,,,,#####....(..# ,*
*,,,,,#...........#
,*****,,,,,#...c@((....#
,,,,,,,,,..#....))#.#..#
,*****,**#.....(.∩#....# ,* *,*
##.....###.#..# ,* *,*
#............# ,* *,*
#.....#.#.#..#
.*****,**##............##########
.,,,,,,,................†.†......
#**,****#.######.########.#######


You could see a yaktaur captain.

Vanquished Creatures
  An orc warlord (Orc:2)
  A minotaur (Lab)
  Josephine (Orc:2)
  6 hydras
  2 catoblepae (Lair:3)
  2 two-headed ogres
  2 tengu warriors (D:13)
  8 orc high priests (Orc:2)
  A sun demon (Orc:2)
  A gelid demonspawn (Orc:2)
  An infernal demonspawn (Orc:2)
  4 orc knights (Orc:2)
  7 orc sorcerers
  3 ugly things
  A cyclops (D:11)
  2 deep elf magi (D:12)
  A manticore (D:13)
  5 elephants (Lair:3)
  3 black mambas
  A rust devil (Orc:2)
  10 spiny frogs
  2 ice statues (IceCv)
  A centaur skeleton (D:13)
  6 gargoyles
  6 rime drakes
  13 komodo dragons
  12 ice devils
  2 yaktaurs (D:13)
  3 trolls
  6 polar bears
  6 jumping spiders (Lair:4)
  7 hornets
  3 hippogriffs
  7 blink frogs (Lair:3)
  11 dream sheep
  2 redbacks (Lair:4)
  11 spriggans (Lair:6)
  32 yaks
  A neqoxec (Orc:2)
  3 wraiths (Orc:2)
  2 basilisks (Lair:2)
  3 wyverns
  6 hungry ghosts
  2 vampire mosquitoes (D:13)
  7 wargs
  A soldier ant (D:11)
  10 water moccasins
  39 orc warriors
  8 porcupines
  5 sky beasts
  2 ice beasts
  A hornet zombie (D:13)
  3 black bears
  8 ogres
  2 boggarts (Lair:6)
  15 wolves (Lair:6)
  7 centaurs
  15 crocodiles
  6 big kobolds
  18 bullfrogs
  A wyvern skeleton (D:12)
  6 scorpions
  4 wights (D:8)
  14 killer bees
  5 howler monkeys
  2 electric eels
  3 centaur zombies
  7 crimson imps
  6 hounds
  8 jellies
  A bullfrog zombie (D:7)
  25 orc priests
  A gnoll shaman (D:6)
  3 iguanas
  22 orc wizards
  Natasha (thrice) (D:2)
  6 worker ants
  4 hell rats (Lair:4)
  A killer bee zombie (D:7)
  2 hound zombies
  7 gnolls
  14 adders
  A shadow imp (D:8)
  6 white imps (IceCv)
  4 ufetubi (IceCv)
  3 adder skeletons
  2 worms
  6 dart slugs
  9 leopard geckos
  86 orcs
  5 giant cockroaches
  6 goblins
  10 hobgoblins
  18 jackals
  7 quokkas
  3 ball pythons
  8 bats
  7 frilled lizards
  16 kobolds
  4 rats (D:2)
  A fungus (Lair:6)
  A plant (D:11)
705 creatures vanquished.

Vanquished Creatures (collateral kills)
  A phantom (D:4)
  A wight (D:8)
  A worker ant (D:4)
3 creatures vanquished.

Vanquished Creatures (others)
  A reaper (IceCv)
  A wizard (D:3)
  2 white imps (IceCv)
  7 ufetubi (IceCv)
  14 fungi
  5 plants
  10 toadstools (Lair:3)
40 creatures vanquished.

Grand Total: 748 creatures vanquished

Notes
Turn   | Place    | Note
-------+----------+-------------------------------------------
     0 | D:1      | Monsterracer the Draconian Transmuter began the quest for the Orb.
     0 | D:1      | Reached XP level 1. HP: 16/16 MP: 3/3
   163 | D:1      | Reached XP level 2. HP: 23/23 MP: 3/5
   227 | D:1      | Learned a level 2 spell: Sticks to Snakes
   457 | D:1      | Reached XP level 3. HP: 28/28 MP: 6/6
   462 | D:1      | Learned a level 3 spell: Spider Form
   593 | D:2      | Reached skill level 4 in Unarmed Combat
   628 | D:2      | Found a faded altar of an unknown god.
   705 | D:2      | Noticed Natasha
   710 | D:2      | HP: 13/28 [Natasha (9)]
   713 | D:2      | Killed Natasha
   713 | D:2      | Reached XP level 4. HP: 14/35 MP: 0/7
   932 | D:2      | Noticed Natasha
   948 | D:2      | HP: 15/35 [Natasha (3)]
   954 | D:2      | Killed Natasha
  1245 | D:2      | Noticed Natasha
  1256 | D:2      | HP: 16/35 [Natasha/magic dart (4)]
  1433 | D:2      | Killed Natasha
  1500 | D:2      | Reached XP level 5. HP: 32/40 MP: 8/8
  2062 | D:3      | Found a sparkling altar of Nemelex Xobeh.
  2318 | D:3      | Reached skill level 5 in Unarmed Combat
  2658 | D:3      | Found a bloodstained altar of Trog.
  2659 | D:3      | Noticed a wizard
  2664 | D:3      | Killed a wizard
  2827 | D:3      | Reached XP level 6. HP: 27/48 MP: 9/9
  3038 | D:4      | HP: 24/48 [orc/trident (8)]
  3566 | D:4      | Reached skill level 5 in Transmutations
  3723 | D:4      | HP: 24/48 [adder (4)]
  3728 | D:4      | HP: 16/50 [poisoned by an adder]
  3734 | D:4      | HP: 14/50 [poisoned by an adder]
  3742 | D:4      | HP: 12/50 [poisoned by an adder]
  3750 | D:4      | HP: 12/50 [poisoned by an adder]
  4372 | D:5      | Entered Level 5 of the Dungeon
  4444 | D:5      | Your scales start taking on a dull iron-grey colour.
  4444 | D:5      | Reached XP level 7. HP: 44/56 MP: 6/10
  4444 | D:5      | Gained mutation: You can survive without breathing. [Grey Draconian growth]
  4447 | D:5      | Reached skill level 6 in Unarmed Combat
  4500 | D:5      | Found a sacrificial altar of Ru.
  4565 | D:5      | Found a basalt altar of Yredelemnul.
  4630 | D:5      | Found a radiant altar of Vehumet.
  4671 | D:5      | Noticed a two-headed ogre
  4682 | D:5      | HP: 15/57 [ogre/giant club (19)]
  4991 | D:5      | Found a shadowy altar of Dithmenos.
  5153 | D:5      | HP: 21/57 [two-headed ogre/giant club (10)]
  5156 | D:5      | HP: 5/57 [two-headed ogre/giant club (9)]
  5251 | D:5      | HP: 25/57 [two-headed ogre/giant club (13)]
  5573 | D:6      | Reached XP level 8. HP: 59/66 MP: 11/11
  5603 | D:6      | Learned a level 5 spell: Blade Hands
  5667 | D:6      | Reached skill level 7 in Unarmed Combat
  6048 | D:6      | HP: 31/66 [acid (7)]
  6055 | D:6      | HP: 32/66 [jackal (2)]
  6116 | D:6      | Found a staircase to the Ecumenical Temple.
  6373 | Temple   | Entered the Ecumenical Temple
  6596 | Temple   | Became a worshipper of Warmaster Okawaru
  7014 | D:7      | Reached skill level 1 in Invocations
  7637 | D:7      | Reached skill level 5 in Fighting
  7811 | D:8      | Reached * piety under Okawaru
  7811 | D:8      | Reached skill level 8 in Unarmed Combat
  7811 | D:8      | Reached XP level 9. HP: 71/74 MP: 12/12
  7924 | D:8      | HP: 36/74 [orc/dagger (3)]
  7929 | D:8      | HP: 26/74 [hound (3)]
  8655 | D:9      | Found a shattered altar of Ashenzari.
  8689 | D:9      | Reached ** piety under Okawaru
  8710 | D:9      | Reached skill level 9 in Unarmed Combat
  8834 | D:9      | Noticed a two-headed ogre
  8849 | D:9      | HP: 31/75 [two-headed ogre/dire flail (16)]
  8850 | D:9      | Killed a two-headed ogre
  8850 | D:9      | Reached XP level 10. HP: 35/84 MP: 7/13
  8993 | D:9      | HP: 42/84 [killer bee (5)]
  8998 | D:9      | Reached *** piety under Okawaru
  8998 | D:9      | HP: 23/84 [poisoned by a killer bee]
  9003 | D:9      | HP: 14/84 [poisoned by a killer bee]
  9008 | D:9      | HP: 12/84 [poisoned by a killer bee]
  9014 | D:9      | HP: 12/84 [poisoned by a killer bee]
  9019 | D:9      | HP: 12/84 [poisoned by a killer bee]
  9025 | D:9      | HP: 14/84 [poisoned by a killer bee]
  9033 | D:9      | HP: 17/84 [poisoned by a killer bee]
  9427 | D:9      | Found Tavacky's Assorted Antiques.
  9440 | D:9      | Bought a bubbling green potion for 24 gold pieces
  9440 | D:9      | Bought a scroll labeled YKKA FYAMUETOATO for 27 gold pieces
  9585 | D:9      | Noticed a three-headed hydra
  9657 | D:9      | Killed a three-headed hydra
  9657 | D:9      | Reached skill level 5 in Invocations
  9736 | D:9      | Reached skill level 10 in Unarmed Combat
  9917 | D:10     | Entered Level 10 of the Dungeon
  9971 | D:10     | Found a staircase to the Orcish Mines.
  9985 | D:10     | Reached **** piety under Okawaru
  9997 | D:10     | Learned a level 1 spell: Confusing Touch
 10071 | D:10     | Noticed a brown ugly thing
 10080 | D:10     | Killed a brown ugly thing
 10268 | D:10     | Noticed a two-headed ogre
 10276 | D:10     | Killed a two-headed ogre
 10276 | D:10     | Reached XP level 11. HP: 92/92 MP: 5/16
 10279 | D:10     | Reached skill level 5 in Dodging
 10569 | D:10     | Found a roughly hewn altar of Beogh.
 10593 | D:10     | HP: 45/92 [orc warrior/trident (10)]
 10852 | D:11     | Reached ***** piety under Okawaru
 11037 | D:11     | Noticed a purple ugly thing
 11045 | D:11     | Killed a purple ugly thing
 11045 | D:11     | Reached skill level 11 in Unarmed Combat
 11045 | D:11     | Reached skill level 1 in Hexes
 11160 | D:11     | Received a gift from Okawaru
 11171 | D:11     | HP: 43/94 [hippogriff (5)]
 11176 | D:11     | HP: 36/94 [poisoned by a soldier ant]
 11182 | D:11     | HP: 36/94 [poisoned by a soldier ant]
 11185 | D:11     | Got a heavily runed hat {god gift}
 11188 | D:11     | HP: 38/94 [poisoned by a soldier ant]
 11191 | D:11     | Identified the +1 hat "Hoepn" {rPois Str+2} (Okawaru gifted it to you on level 11 of the Dungeon)
 11196 | D:11     | HP: 42/94 [poisoned by a soldier ant]
 11632 | D:11     | Paralysed by a hornet for 1 turns
 11859 | D:11     | Found a staircase to the Lair.
 11964 | Lair:1   | Entered Level 1 of the Lair of Beasts
 12273 | Lair:1   | HP: 44/95 [spiny frog (25)]
 12278 | Lair:1   | HP: 33/95 [spiny frog (11)]
 12863 | Lair:2   | Learned a level 4 spell: Ice Form
 12983 | Lair:2   | HP: 30/95 [spiny frog (20)]
 12989 | Lair:2   | HP: 29/95 [poisoned by a spiny frog]
 12994 | Lair:2   | HP: 30/95 [poisoned by a spiny frog]
 12999 | Lair:2   | HP: 31/95 [poisoned by a spiny frog]
 13006 | Lair:2   | HP: 33/95 [poisoned by a spiny frog]
 13014 | Lair:2   | HP: 37/95 [poisoned by a spiny frog]
 13183 | Lair:2   | Reached XP level 12. HP: 77/103 MP: 11/17
 13478 | Lair:2   | HP: 50/103 [black mamba (15)]
 13480 | Lair:2   | Reached skill level 10 in Transmutations
 13483 | Lair:2   | HP: 41/103 [poisoned by a black mamba]
 13488 | Lair:2   | HP: 38/103 [poisoned by a black mamba]
 13493 | Lair:2   | HP: 37/103 [poisoned by a black mamba]
 13499 | Lair:2   | HP: 38/103 [poisoned by a black mamba]
 13507 | Lair:2   | HP: 41/103 [poisoned by a black mamba]
 13515 | Lair:2   | HP: 44/103 [poisoned by a black mamba]
 13708 | Lair:3   | Reached skill level 12 in Unarmed Combat
 14100 | Lair:3   | HP: 43/103 [komodo dragon (26)]
 14268 | Lair:3   | Received a gift from Okawaru
 14406 | Lair:3   | HP: 51/104 [blink frog (14)]
 14706 | Lair:3   | Found a staircase to the Shoals.
 14738 | Lair:3   | Noticed a six-headed hydra
 14749 | Lair:3   | Noticed an eight-headed hydra
 14765 | Lair:3   | Killed a six-headed hydra
 14801 | Lair:3   | HP: 60/126 [eight-headed hydra (5)]
 14935 | Lair:3   | Killed an eight-headed hydra
 15344 | Lair:3   | Found a runed door.
 15410 | Lair:3   | Noticed a catoblepas
 15411 | Lair:3   | Reached skill level 1 in Ice Magic
 15416 | Lair:3   | HP: 57/127 [catoblepas (9)]
 15420 | Lair:3   | Noticed a catoblepas
 15421 | Lair:3   | HP: 43/127 [catoblepas/blast of calcifying dust (3)]
 15422 | Lair:3   | HP: 19/127 [catoblepas (14)]
 15685 | Lair:3   | Killed a catoblepas
 15685 | Lair:3   | Reached skill level 13 in Unarmed Combat
 15708 | Lair:3   | Killed a catoblepas
 15979 | Lair:4   | Reached ****** piety under Okawaru
 15983 | Lair:4   | Learned a level 1 spell: Summon Butterflies
 16023 | Lair:4   | Reached XP level 13. HP: 98/113 MP: 19/19
 16064 | Lair:4   | Found a hole to the Spider Nest.
 16086 | Lair:4   | Received a gift from Okawaru
 16091 | Lair:4   | Reached skill level 1 in Summonings
 16234 | Lair:4   | Reached skill level 10 in Fighting
 17678 | Lair:5   | HP: 56/114 [bullfrog (3)]
 17796 | Lair:5   | Received a gift from Okawaru
 18087 | Lair:5   | Found a viscous altar of Jiyva.
 18087 | Lair:5   | Found a staircase to the Slime Pits.
 18198 | Lair:6   | Entered Level 6 of the Lair of Beasts
 18249 | Lair:6   | Reached skill level 14 in Unarmed Combat
 18466 | Lair:6   | HP: 55/114 [spriggan rider/spear (9)]
 19176 | Lair:6   | HP: 48/116 [spriggan rider/spear (23)]
 19181 | Lair:6   | HP: 30/116 [spriggan rider/spear (17)]
 19581 | D:10     | Learned a level 4 spell: Petrify
 19589 | Orc:1    | Entered Level 1 of the Orcish Mines
 19609 | Orc:1    | Reached XP level 14. HP: 108/124 MP: 15/20
 19923 | Orc:2    | Entered Level 2 of the Orcish Mines
 19923 | Orc:2    | Found Plog's Magic Scroll Emporium.
 19941 | Orc:2    | Bought a scroll of enchant armour for 90 gold pieces
 19941 | Orc:2    | Bought a scroll of blinking for 90 gold pieces
 19989 | Orc:2    | Reached skill level 1 in Earth Magic
 20749 | Orc:2    | Found Lyevam's Distillery.
 20766 | Orc:2    | Found Imatsir's Food Emporium.
 20920 | Orc:2    | HP: 57/124 [chaos spawn[an orc sorcerer] (17)]
 20925 | Orc:2    | HP: 31/124 [orc sorcerer/dagger (9)]
 21065 | Orc:2    | Bought a potion of heal wounds for 65 gold pieces
 21065 | Orc:2    | Bought a potion of heal wounds for 65 gold pieces
 21065 | Orc:2    | Bought a potion of heal wounds for 65 gold pieces
 21065 | Orc:2    | Bought a potion of agility for 52 gold pieces
 21065 | Orc:2    | Bought a potion of berserk rage for 65 gold pieces
 21425 | Orc:2    | Gained mutation: You expend magic power (3 MP) to strengthen your wands. [a neqoxec]
 21474 | Orc:2    | Reached skill level 15 in Unarmed Combat
 21536 | Orc:2    | Found Geazoo's Book Shop.
 21536 | Orc:2    | Found a one-way gate leading to the halls of Pandemonium.
 21536 | Orc:2    | Found Zahuqeng's Antique Armour Boutique.
 21650 | Orc:2    | Paralysed by an orc sorcerer for 3 turns
 21703 | Orc:2    | Bought the Reference Book on Unstable Darkness for 783 gold pieces
 21849 | Orc:2    | Received a gift from Okawaru
 21868 | Orc:2    | Found a staircase to the Elven Halls.
 22044 | Orc:2    | Noticed an orc warlord
 22545 | Orc:2    | Paralysed by an orc sorcerer for 2 turns
 22557 | Orc:2    | Killed an orc warlord
 22849 | Orc:2    | Noticed Josephine
 22861 | Orc:2    | Killed Josephine
 23527 | D:12     | Found a frozen archway.
 23611 | IceCv    | Entered an ice cave
 23756 | IceCv    | Received a gift from Okawaru
 23763 | IceCv    | Got a pair of steaming gloves {god gift}
 23793 | IceCv    | Killed a reaper
 23833 | IceCv    | Identified the +2 pair of gloves of Catatonia {rF+ MR+ rCorr Dex+2} (Okawaru gifted it to you in an ice cave)
 23885 | IceCv    | HP: 72/151 [something (4)]
 25100 | D:13     | HP: 73/151 [tengu warrior/antimagic broad axe[a tengu warrior] (18)]
 25318 | D:13     | Found a labyrinth entrance.
 25346 | D:13     | Reached XP level 15. HP: 123/132 MP: 19/22
 25372 | Lab      | Entered a labyrinth
 26239 | Lab      | Reached skill level 10 in Dodging
 26261 | Lab      | Reached skill level 5 in Spellcasting
 26856 | Lab      | Learned a level 7 spell: Dragon Form
 27567 | Lab      | Identified Sif Muna's Compendium of the Compass and the Escort
 27568 | Lab      | Got a coiled ivory ring
 27582 | Lab      | Identified the ring of Wyrchopla {*Tele +Fly SInv} (You found it in a labyrinth)
 27739 | D:13     | Found a gate to the Vaults.
 27747 | D:13     | HP: 51/133 [yaktaur captain/bolt (24)]
 27752 | D:13     | HP: 20/133 [yaktaur captain (13)]
 27755 | D:13     | Mangled by a yaktaur captain

Skill      XL: |  1  2  3  4  5  6  7  8  9 10 11 12 13 14 15 |
---------------+----------------------------------------------+-----
Unarmed Combat | 4 5 6 8 9 10 11 13 14 15 | 15.8
Transmutations | 3 4 5 6 7 8 9 10 11 | 11.2
Fighting       | 2 3 5 6 7 8 9 11 12 | 12.2
Invocations    | 2 4 5 7 8 |  8.3
Dodging        | 2 3 4 6 7 8 9 10 | 10.0
Spellcasting   | 3 4 5 |  5.0
Hexes          | 2 3 |  3.0
Ice Magic      | 1 2 |  2.4
Summonings     | 2 3 |  3.0
Earth Magic    | 3 |  3.2

Action                   |  1- 3 |  4- 6 |  7- 9 | 10-12 | 13-15 || total
-------------------------+-------+-------+-------+-------+-------++-------
Melee: Unarmed           |   110 |   234 |   600 |   806 |  1256 ||  3006
       Tailslap          |     9 |    13 |    59 |    95 |   126 ||   302
       Kick              |     5 |     4 |     8 |       |       ||    17
       Punch             |       |     4 |    13 |    45 |    75 ||   137
       Headbutt          |       |       |     7 |       |       ||     7
 Cast: Beastly Appendage |     4 |     4 |     7 |       |       ||    15
       Spider Form       |     1 |     4 |     3 |     2 |       ||    10
       Sticks to Snakes  |       |     2 |     5 |     1 |       ||     8
       Blade Hands       |       |       |     3 |    22 |    32 ||    57
       Confusing Touch   |       |       |       |    11 |     5 ||    16
       Ice Form          |       |       |       |     4 |     9 ||    13
Invok: Heroism           |       |       |       |     4 |     3 ||     7
       Finesse           |       |       |       |       |     2 ||     2
  Use: Potion            |       |     1 |       |       |       ||     1
       Scroll            |       |     4 |    10 |    15 |    14 ||    43
 Stab: Sleeping          |       |     2 |     2 |       |       ||     4
       Confused          |       |       |       |    11 |     2 ||    13
  Eat: Fruit             |       |     2 |     1 |     2 |    16 ||    21
       Chunk             |       |    10 |    17 |    36 |    40 ||   103
Armor: Skin              |    44 |    65 |   190 |   227 |   345 ||   871
Dodge: Dodged            |    77 |   147 |   378 |   508 |   791 ||  1901
